 Dungeon Sprint DCSS version 0.22.0-21-g8bd1b0a (webtiles) character file.

1500000 poirepourri the Wrestler (level 14, -5/135 HPs)
             Began as a Ghoul Gladiator on Aug 19, 2018.
             Was a Follower of Makhleb.
             Slain by a meat berserker
             ... wielding a +9 battleaxe
              (67 damage)
             ... in the Dungeon (Sprint VIII: "Arena of Blood").
             The game lasted 00:00:17 (15 turns).

poirepourri the Wrestler (Ghoul Gladiator)            Turns: 15, Time: 00:00:17

Health: -5/135     AC:  4    Str: 19    XL:     14   Next: 66%
Magic:  13/13      EV: 26    Int:  3    God:    Makhleb [*.....]
Gold:   0          SH:  0    Dex: 14    Spells: 13/13 levels left

rFire    . . .     SeeInvis .     - Unarmed
rCold    + . .     Gourm    .   (no shield)
rNeg     + + +     Faith    .   a - +0 leather armour
rPois    ∞         Spirit   .   b - +0 helmet
rElec    .         Reflect  .   (no cloak)
rCorr    .         Harm     .   (no gloves)
MR       +....     NoTele   +   (no boots)
Stlth    +.........             (no amulet)
HPRegen  0.00/turn              (no ring)
MPRegen  0.13/turn              (no ring)

@: rotting
A: rotting body, claws 1, carnivore, cold resistance 1, negative energy
resistance 3, inhibited regeneration, torment resistance, unbreathing
a: Renounce Religion


You were in the Dungeon.
You worshipped Makhleb.
Makhleb was aware of your devotion.
You were not hungry.

You visited 1 branch

Inventory:

Hand Weapons
 k - the +∞ Axe of Woe
   (You found it in the Dungeon)
Missiles
 c - 3 throwing nets (quivered)
Armour
 a - a +0 leather armour (worn)
 b - a +0 helmet (worn)
Scrolls
 j - a scroll of blinking
Potions
 e - a potion of curing
 f - a potion of heal wounds
 g - a potion of haste
 h - 2 potions of magic
 i - a potion of berserk rage
Comestibles
 d - a ration


   Skills:
 + Level 15.5 Fighting
   Level 7.8 Axes
 + Level 12.3 Throwing
 + Level 21.1 Dodging
 + Level 24.2 Unarmed Combat


You had 13 spell levels left.
You didn't know any spells.
Your spell library was empty.

Dungeon Overview and Level Annotations

Branches:
Dungeon (1/1)

Altars:
Makhleb


Innate Abilities, Weirdness & Mutations

Your body is rotting away.
You thrive on raw meat.
You are immune to poison.
You have sharp fingernails.
You are carnivorous and can eat meat at any time.
Your flesh is cold resistant. (rC+)
You are immune to negative energy. (rN+++)
You do not regenerate when monsters are visible.
You are immune to unholy pain and torment.
You can survive without breathing.


Message History

Your Unarmed Combat skill gained 3 levels and is now at level 24!
You have reached level 14!
You hear a shout! x11
A meat berserker comes into view. It is wielding a +9 battleaxe.
You hear a shout! x2
A bag of meat comes into view. It is wielding a +9 war axe.
You hear a shout!
Unknown command.
Press < or > to pray at altars.
You are now empty-clawed.
You drop the +∞ Axe of Woe.
The bag of meat shouts!
You hear a shout! x7
A meat berserker comes into view. It is wielding a +9 battleaxe.
You hear a shout! x4
The meat berserker hits you with a +9 battleaxe!!!
You hear a shout! x2
You stop training Axes.
k - the +∞ Axe of Woe You hear a shout! x3
The meat berserker hits you with a +9 battleaxe!!!
You die...

..... .. #o.. .#
. #... ..#
..###... ..###.
......###......
....._......
#.....# #@)<._#
#OO...#
#......)._......
.O......###..O...
...###... ..###.
.. #... ..# #....
.# ..... ..
......


You could see 3 meat berserkers and a bag of meat.

Vanquished Creatures
  An ogre (D)
  2 orcs (D)
3 creatures vanquished.

Notes
Turn   | Place    | Note
-------+----------+-------------------------------------------
     0 | D        | Found the +∞ Axe of Woe
     0 | D        | poirepourri the Ghoul Gladiator began the quest for the Orb.
     0 | D        | Reached XP level 1. HP: 17/17 MP: 0/0
     2 | D        | Noticed a bag of meat
     4 | D        | Became a worshipper of Makhleb the Destroyer
     8 | D        | Killed a bag of meat
     8 | D        | Reached skill level 18 in Unarmed Combat
     8 | D        | Reached XP level 2. HP: 40/40 MP: 1/1
     8 | D        | Reached XP level 3. HP: 47/47 MP: 2/2
     8 | D        | Reached XP level 4. HP: 55/55 MP: 3/3
     8 | D        | Reached XP level 5. HP: 61/61 MP: 4/4
     8 | D        | Reached XP level 6. HP: 68/68 MP: 5/5
     8 | D        | Reached XP level 7. HP: 74/74 MP: 6/6
     8 | D        | Reached XP level 8. HP: 82/82 MP: 7/7
     8 | D        | Reached XP level 9. HP: 89/89 MP: 8/8
     8 | D        | Reached XP level 10. HP: 96/96 MP: 9/9
     8 | D        | Reached XP level 11. HP: 103/103 MP: 10/10
     8 | D        | Reached XP level 12. HP: 110/110 MP: 11/11
     8 | D        | Noticed a bag of meat
     9 | D        | Noticed a meat berserker
    11 | D        | Killed a bag of meat
    11 | D        | Reached * piety under Makhleb
    11 | D        | Reached skill level 5 in Axes
    11 | D        | Reached skill level 10 in Throwing
    11 | D        | Reached skill level 21 in Unarmed Combat
    11 | D        | Reached XP level 13. HP: 106/122 MP: 12/12
    11 | D        | Noticed a meat berserker
    13 | D        | Killed a meat berserker
    13 | D        | Reached skill level 15 in Fighting
    13 | D        | Reached skill level 24 in Unarmed Combat
    13 | D        | Reached XP level 14. HP: 117/135 MP: 13/13
    13 | D        | Noticed a meat berserker
    13 | D        | Noticed a bag of meat
    14 | D        | Noticed a meat berserker
    15 | D        | Slain by a meat berserker

Skill      XL: |  1  2  3  4  5  6  7  8  9 10 11 12 13 |
---------------+----------------------------------------+-----
Fighting       | 11 13 15 | 15.5
Axes           | 3 5 7 |  7.8
Throwing       | 9 10 12 | 12.3
Dodging        | 16 18 21 | 21.1
Unarmed Combat | 18 21 24 | 24.2

Action                   |  1- 3 |  4- 6 |  7- 9 | 10-12 | 13-15 || total
-------------------------+-------+-------+-------+-------+-------++-------
Melee: Executioner's axe |     1 |       |       |     1 |     1 ||     3
